Match 46076561
Unlisted

Match 46076561
End
Selects Luftwaffe Battlegroup
Selects Luftwaffe Battlegroup
Selects Luftwaffe Pioneer Support
Fallschirmpioneer Squad Paradrop
Kettenkrad Recon Vehicle
Construct Infanterie Kompanie
MG 42 Machine Gun Team
Grenadier Squad
Construct Luftwaffe Kompanie
Selects Stuka Strafing Run
Flak 30 Anti-aircraft Gun Team
Stuka Strafing Run
Selects Fallschirmjäger Squad Paradrop
Medical Bunker
Fallschirmjäger Squad Paradrop
Fallschirmjäger Squad Paradrop
Luftwaffe Officer Quarters
Construct Panzer Kompanie
Selects Fragmentation Bombs
Selects Flak 38 Anti-Air Emplacement
Selects Flak 36 Anti-tank Gun Emplacement
Sturmpanzer IV Brummbär
Side Skirts
Fragmentation Bombs
Six Pounder
Felippe
Stormless
Grunka Lunka
0
0

Comments sign in to comment!

No comments posted yet!